Map: 2000 Atmospheres LE

Players

Epic

  • Race: Zerg Zerg
  • League: Grandmaster

SoL - Winner!

  • Race: Protoss Protoss
  • League: Master

VOD

Have the link to the VOD?

Description

Time

  • Played on: May 7, 2021, 8:37 p.m.
  • Length: 11:26
Show
View Real Time Build Order
Export as new Build Order

Epic Zerg 

Build Orders: Hatch First 

Get SALT Encoding   

  12  0:02  Drone  
  13  0:13  Overlord  
  13  0:17  Drone  
  14  0:31  Drone x2  
  16  0:50  Hatchery  
  16  0:51  Drone  
  16  0:55  Drone  
  17  0:58  Drone  
  18  1:09  Extractor  
  17  1:14  Spawning Pool  
  17  1:16  Drone  
  17  1:19  Drone  
  18  1:28  Drone  
  19  1:39  Drone  
  20  1:49  Overlord  
  20  2:03  Queen x2  
  20  2:04  Zergling x4  
  26  2:14  Drone  
  26  2:15  Drone  
  28  2:24  Hatchery  
  28  2:26  Drone  
  28  2:28  Drone  
  29  2:34  Metabolic Boost  
  29  2:40  Drone x2  
  31  2:46  Queen  
  33  2:52  Drone x2  
  33  2:58  Drone x2  
  36  3:05  Overlord  
  36  3:17  Overlord  
  36  3:23  Drone x4  
  36  3:25  Queen  
  42  3:28  Drone  
  42  3:29  Roach Warren  
  42  3:30  Extractor  
  42  3:33  Drone  
  41  3:37  Drone  
  41  3:38  Queen  
  44  3:41  Drone x2  
  44  3:47  Drone x3  
  49  3:49  Drone  
  49  3:51  Drone  
  49  3:54  Drone  
  52  3:58  Overlord  
  52  4:00  Overlord  
  52  4:08  Roach  
  52  4:09  Roach x2  
  58  4:17  Roach x4  
  58  4:18  Zergling x2  
  58  4:19  Zergling x2  
  58  4:22  Spore Crawler  
  67  4:26  Drone, Spore Crawler  
  67  4:28  Zergling x4  
  69  4:32  Zergling x2  
  69  4:33  Zergling x4  
  69  4:37  Zergling x2  
  69  4:38  Zergling x2  
  74  4:45  Overlord x2  
  74  4:55  Zergling x4  
  74  4:58  Overlord  
  70  5:03  Zergling x10  
  70  5:06  Zergling x4  
  73  5:09  Drone  
  73  5:10  Drone  
  72  5:16  Drone x2  
  72  5:19  Drone x2  
  72  5:22  Drone x2  
  72  5:23  Queen  
  72  5:25  Lair  
  72  5:27  Drone  
  75  5:29  Drone  
  75  5:33  Drone x4  
  75  5:34  Drone  
  81  5:36  Drone x2  
  83  5:44  Overlord  
  83  5:45  Drone x2  
  84  5:52  Drone  
  84  5:56  Drone x2  
  86  6:04  Drone x2  
  84  6:05  Drone  
  84  6:10  Overlord x2  
  82  6:14  Extractor  
  82  6:15  Evolution Chamber  
  82  6:17  Extractor  
  79  6:22  Drone x4  
  81  6:26  Glial Reconstitution  
  81  6:27  Ravager x5  
  81  6:28  Ravager  
  81  6:30  Drone x3  
  90  6:33  Drone x3  
  90  6:35  Drone  
  94  6:45  Drone x7  
  99  6:48  Drone  
  99  6:49  Zerg Missile Weapons Level 1  
  99  6:53  Drone  
  96  6:54  Drone  
  96  6:57  Drone  
  94  7:04  Zergling x8, Ravager  
  94  7:05  Zergling x2  
  94  7:07  Zergling x2  
  101  7:13  Roach x3  
  107  7:16  Roach  
  107  7:17  Roach  
  107  7:20  Roach  
  113  7:24  Roach  
  113  7:28  Drone  
  113  7:29  Drone  
  116  7:33  Extractor x2  
  116  7:34  Drone x3  
  116  7:36  Drone  
  116  7:37  Drone x2  
  113  7:38  Spire  
  113  7:43  Drone x3  
  106  7:50  Drone x2  
  108  7:52  Drone  
  108  7:58  Hatchery  
  108  8:01  Roach x2  
  110  8:06  Roach x2  
  110  8:09  Roach x5  
  110  8:12  Roach  
  120  8:14  Roach  
  117  8:20  Roach  
  117  8:23  Roach  
  116  8:30  Overlord  
  116  8:34  Overlord x5  
  116  8:43  Drone x2  
  118  8:50  Mutalisk x5  
  118  8:52  Mutalisk, Overlord  
  115  9:00  Extractor  
  115  9:01  Mutalisk  
  115  9:02  Mutalisk x2, Extractor  
  119  9:04  Drone x4  
  119  9:05  Drone x4  
  119  9:07  Drone  
  128  9:11  Mutalisk  
  128  9:12  Mutalisk  
  128  9:13  Queen  
  128  9:16  Mutalisk  
  136  9:21  Roach  
  136  9:22  Roach  
  136  9:24  Roach  
  142  9:29  Roach x2  
  142  9:30  Roach x3  
  152  9:37  Roach x2, Ravager  
  157  9:38  Spine Crawler  
  157  9:44  Roach  
  156  9:48  Roach x2  
  156  9:52  Roach x2  
  163  9:55  Roach x2  
  163  9:57  Roach  
  163  9:59  Ravager x2  
  165  10:08  Roach x2  
  156  10:21  Roach  
  156  10:22  Roach x5  
  166  10:33  Roach  
  166  10:34  Overlord x6  
  168  10:43  Hatchery  
  167  10:50  Baneling Nest  
  167  10:51  Roach x3  
  167  10:53  Ravager x6  
  167  10:55  Roach x2  
  170  10:57  Roach  
  170  11:02  Roach x3  
  170  11:03  Roach  
Show
View Real Time Build Order
Export as new Build Order

SoL Protoss - Winner!

Build Orders: 1 Gate Expand 

Get SALT Encoding   

  12  0:00  Probe  
  13  0:12  Probe  
  14  0:19  Pylon  
  14  0:24  Probe  
  15  0:37  Probe (Chrono Boost)  
  15  0:40  Gateway  
  16  0:47  Probe (Chrono Boost)  
  17  0:52  Probe (Chrono Boost)  
  17  0:55  Assimilator  
  18  1:03  Probe  
  19  1:15  Probe  
  20  1:24  Nexus  
  20  1:34  Cybernetics Core  
  20  1:36  Probe  
  21  1:43  Assimilator  
  21  1:49  Probe  
  21  1:53  Pylon  
  22  2:01  Probe  
  23  2:09  Stalker (Chrono Boost)  
  23  2:12  Warp Gate  
  23  2:13  Probe  
  26  2:25  Probe  
  26  2:27  Twilight Council  
  26  2:29  Adept (Chrono Boost)  
  29  2:37  Probe  
  29  2:39  Probe  
  31  2:49  Probe  
  32  2:51  Probe  
  33  3:00  Robotics Facility  
  33  3:01  Probe  
  33  3:03  Probe  
  35  3:06  Resonating Glaives (Chrono Boost)  
  35  3:13  Probe  
  35  3:18  Gateway, Adept  
  38  3:20  Probe  
  38  3:25  Probe  
  40  3:32  Probe  
  41  3:37  Probe  
  42  3:41  Gateway  
  42  3:42  Gateway  
  42  3:44  Probe  
  42  3:46  Warp Prism (Chrono Boost)  
  43  3:50  Probe  
  43  3:55  Pylon  
  46  3:59  Pylon  
  46  4:09  Shield Battery  
  46  4:12  Pylon  
  46  4:13  Probe x2  
  46  4:15  Adept x2  
  52  4:23  Observer  
  53  4:25  Assimilator, Probe  
  53  4:27  Assimilator  
  54  4:37  Adept x4  
  62  4:41  Probe x2  
  64  4:50  Robotics Bay  
  64  4:53  Probe  
  61  5:00  Adept x4  
  65  5:20  Immortal  
  67  5:27  Probe  
  67  5:28  Pylon, Probe  
  63  5:29  Pylon  
  63  5:33  Adept x3  
  69  5:49  Probe  
  70  5:52  Probe  
  63  5:58  Adept x4  
  63  6:01  Disruptor (Chrono Boost)  
  67  6:06  Gravitic Drive  
  67  6:07  Nexus  
  70  6:14  Pylon  
  70  6:19  Probe  
  70  6:20  Probe  
  70  6:25  Adept  
  70  6:26  Adept x3  
  70  6:29  Disruptor (Chrono Boost)  
  70  6:31  Probe  
  82  6:34  Probe  
  83  6:43  Probe  
  84  6:51  Probe  
  81  6:55  Probe  
  78  7:02  Adept x4  
  78  7:03  Probe  
  78  7:05  Extended Thermal Lance  
  78  7:06  Colossus (Chrono Boost), Pylon  
  78  7:07  Probe  
  88  7:09  Shield Battery  
  94  7:19  Probe  
  94  7:20  Probe  
  94  7:22  Probe  
  97  7:23  Pylon  
  97  7:36  Probe  
  98  7:39  Blink (Chrono Boost)  
  98  7:40  Stalker x4, Probe  
  107  7:45  Assimilator  
  107  7:46  Probe  
  107  7:48  Probe  
  107  7:50  Assimilator  
  109  7:52  Probe  
  109  7:57  Colossus (Chrono Boost)  
  116  8:03  Stalker x3  
  122  8:13  Forge  
  122  8:15  Pylon  
  122  8:16  Pylon  
  122  8:23  Stalker  
  124  8:27  Gateway x2  
  124  8:29  Gateway  
  124  8:35  Pylon  
  124  8:37  Pylon  
  124  8:43  Protoss Ground Weapons Level 1 (Chrono Boost), Stalker x2  
  124  8:44  Stalker  
  124  8:47  Photon Cannon  
  130  9:06  Colossus (Chrono Boost), Stalker x2  
  130  9:07  Stalker x2  
  144  9:21  Photon Cannon  
  144  9:27  Nexus  
  144  9:30  Pylon, Photon Cannon  
  144  9:32  Photon Cannon  
  144  9:37  Stalker x2  
  147  9:40  Stalker x4  
  153  9:48  Stalker  
  153  9:51  Probe  
  151  9:53  Probe  
  151  9:58  Probe  
  151  10:06  Stalker x5  
  144  10:24  Stalker x2  
  139  10:29  Probe  
  139  10:30  Probe  
  139  10:34  Stalker  
  148  10:37  Stalker  
  150  10:54  Stalker x3  
  152  11:15  Stalker  
  152  11:16  Stalker x3  
  140  11:23  Stalker x7  
Tags
 
Add a new tag
Caveats
  • Supply blocks, unpowered buildings, or Contaminate may cause inaccurate times.
  • Supply counts are checked every 10 seconds.